 Dungeon Crawl Stone Soup version 0.28.0-43-g3370ac3207 (webtiles) character file.

Game seed: 9309375592378250901

389 Zeld the Gusty (level 6, -3/32 HPs)
             Began as a Tengu Air Elementalist on Mar 31, 2022.
             Slain by Dowan
             ... wielding a +0 dagger of protection
              (4 damage)
             ... on level 4 of the Dungeon.
             The game lasted 00:05:39 (6185 turns).

Zeld the Gusty (Tengu Air Elementalist)             Turns: 6185, Time: 00:05:40

Health: -3/32      AC:  4    Str:  9      XL:     6   Next: 79%
Magic:  0/12       EV: 15    Int: 16 (17) God:
Gold:   117        SH:  0    Dex: 11 (14) Spells: 2/12 levels left

rFire   . . .      SeeInvis .   (no weapon)
rCold   . . .      Faith    .   (no shield)
rNeg    . . .      Spirit   .   a - +0 robe
rPois   .          Reflect  .   (helmet restricted)
rElec   .          Harm     .   q - +0 cloak
rCorr   .          Rampage  .   p - +0 pair of gloves
Will    .....                   (boots unavailable)
Stlth   ++........              (no amulet)
HPRegen 0.10/turn               (no ring)
MPRegen 0.13/turn               (no ring)

@: flying quickly and evasively, quick
A: beak, talons 3, nimble flight
a: no special abilities


You were on level 4 of the Dungeon.
You visited 1 branch of the dungeon, and saw 4 of its levels.

You collected 117 gold pieces.

Inventory:

Armour
 a - a +0 robe (worn)
 p - a +0 pair of gloves (worn)
 q - a +0 cloak (worn)
Scrolls
 c - a scroll of fear {unknown}
 d - 2 scrolls of teleportation {unknown}
 e - a scroll of amnesia {unknown}
 h - 3 scrolls of identify {unknown}


   Skills:
 - Level 3.0 Dodging
 - Level 3.0 Stealth
 * Level 3.9 Spellcasting
 + Level 3.9 Conjurations
 * Level 6.4 Air Magic


You had 2 spell levels left.
You knew the following spells:

 Your Spells              Type           Power      Damage    Failure   Level
a - Shock                 Conj/Air       76%        1d7       1%          1
b - Static Discharge      Conj/Air       19%        N/A       3%          2
c - Swiftness             Air            23%        N/A       3%          3
d - Airstrike             Air            11%        N/A       12%         4

Your spell library contained the following spells:

 Spells                   Type           Power      Damage    Failure   Level
 Tukima's Dance           Hex            3%         N/A       45%         3
 Anguish                  Hex/Necr       1%         N/A       86%         4
 Enfeeble                 Hex            1%         N/A       100%        7


Dungeon Overview and Level Annotations

Branches:
Dungeon (4/15)
 Temple: D:4-7

Altars:
Ru

Shops:
D:4 *

Annotations:
D:4 Dowan, Duvessa


Innate Abilities, Weirdness & Mutations

You have a beak for a mouth.
You have claws for feet.
Your magical nature lets you fly swiftly and evasively.


Message History

You no longer feel sluggish.
Dowan shouts!
Dowan hits you with a +0 dagger of protection.
You see here a +0 pair of gloves.
You barely miss Dowan. Your kick misses Dowan.
Dowan hits you with a +0 dagger of protection.
Casting: Swiftness (dangerous; 3% risk of failure)
Confirm with . or Enter, or press ? or * to list all spells.
Dowan is struck by an arc of lightning.
Dowan is moderately wounded.
You are struck by an arc of lightning.
The lightning grounds out.
Dowan casts a spell.
Dowan blinks!
Casting: Static Discharge (safe; 3% risk of failure)
Confirm with . or Enter, or press ? or * to list all spells.
Dowan is struck by an arc of lightning.
Dowan is heavily wounded.
You are struck by an arc of lightning.
* * * LOW HITPOINT WARNING * * *
The lightning grounds out.
Dowan closely misses you.
Casting: Static Discharge (safe; 3% risk of failure)
Confirm with . or Enter, or press ? or * to list all spells.
Dowan is struck by an arc of lightning!
Dowan is severely wounded.
You are struck by an arc of lightning.
* * * LOW HITPOINT WARNING * * *
The lightning grounds out.
A giant cockroach comes into view.
Dowan gestures at you while chanting. The puff of flame hits you.
* * * LOW HITPOINT WARNING * * *
You closely miss Dowan. Your kick misses Dowan.
Dowan is severely wounded.
The ice beast closely misses you. Dowan closely misses you.
Unknown command.
You barely miss Dowan. Your kick misses Dowan.
Dowan is severely wounded.
The ice beast closely misses you.
Dowan hits you with a +0 dagger of protection.
You die...

...####.#.##### .##..
..........#..<#......
..........#.#........
........oo#.#.#......
...####.#.#.#.#######
#.#Y#.......#
#.#.#.......#
############.#.#.......#
#.......Y@eB.#.Ye......#
#.################.#######
#.#..#.....eY.............
#.#..#.###########.#######
#.#..#.###########.#######
#.#................#......
#Y##.#.#############.#####
#....#.# #.#.... ######.#
#.#.###


You could see an ice beast, Dowan and a giant cockroach.

Vanquished Creatures
  A bullfrog (D:4)
  Crazy Yiuf (D:2)
  An orc priest (D:3)
  2 orc wizards (D:3)
  Robin (D:2)
  3 gnolls (D:4)
  5 adders
  2 worms (D:2)
  3 dart slugs
  10 orcs (D:3)
  5 bats
  9 endoplasms
  14 giant cockroaches
  15 goblins
  9 hobgoblins
  2 jackals (D:2)
  11 kobolds
  A quokka (D:1)
  6 ball pythons
  A frilled lizard (D:3)
  8 rats
110 creatures vanquished.

Notes
Turn   | Place    | Note
-------+----------+-------------------------------------------
     0 | D:1      | Zeld the Tengu Air Elementalist began the quest for the
                  | Orb.
     0 | D:1      | Reached XP level 1. HP: 10/10 MP: 4/4
   214 | D:1      | Reached XP level 2. HP: 15/15 MP: 0/6
   274 | D:1      | Learned a level 2 spell: Static Discharge
   721 | D:1      | Reached XP level 3. HP: 19/19 MP: 3/7
   725 | D:1      | Learned a level 3 spell: Swiftness
  1295 | D:2      | Noticed Robin
  1315 | D:2      | Killed Robin
  1316 | D:2      | Reached XP level 4. HP: 16/24 MP: 0/8
  1725 | D:2      | Reached skill level 5 in Air Magic
  2171 | D:2      | Found a runed translucent door.
  2172 | D:2      | Noticed Crazy Yiuf
  2507 | D:2      | Gained mutation: Your magical nature lets you fly swiftly
                  | and evasively. [Tengu growth]
  2507 | D:2      | Reached XP level 5. HP: 28/28 MP: 3/10
  2807 | D:2      | Killed Crazy Yiuf
  3290 | D:3      | Learned a level 4 spell: Airstrike
  4263 | D:3      | Reached XP level 6. HP: 24/32 MP: 3/12
  4416 | D:3      | Reached skill level 6 in Air Magic
  4828 | D:3      | Found a sacrificial altar of Ru.
  4972 | D:4      | Noticed Duvessa
  5006 | D:4      | Noticed Dowan
  5320 | D:4      | Found Zaceecka's Neck Hole.
  5835 | D:4      | Noticed an ice beast
  6183 | D:4      | HP: 1/32 [Dowan/puff of flame (6)]
  6185 | D:4      | Slain by Dowan

Illustrated notes

Levels and vault maps discovered:
D:1:      shiori_arrival_elements, layout_basic, minmay_cut_off
D:2:      minmay_roachtagon, layout_loops_ring, uniq_crazy_yiuf_cottage,
          uniq_robin
D:3:      layout_loops_corners, nicolae_ru_path_of_blood, serial_park_tiny_2
D:4:      minmay_octagon_keep, layout_basic, lemuel_doored_altar,
          gammafunk_ghost_mausoleum, nicolae_shop_sticking_my_neck_out,
          uniq_duvessa

Skill      XL: |  1  2  3  4  5  6 |
---------------+-------------------+-----
Conjurations   | 2 3 |  3.9
Air Magic      | 5 6 |  6.4
Dodging        | 3 |  3.0
Spellcasting   | 3 |  3.9
Stealth        | 3 |  3.0

Action                   |  1- 3 |  4- 6 || total
-------------------------+-------+-------++-------
Melee: Unarmed           |    21 |    16 ||    37
       Kick              |    10 |     2 ||    12
       Peck              |     5 |     4 ||     9
       Quarterstaff      |       |     2 ||     2
 Cast: Shock             |    66 |   177 ||   243
       Static Discharge  |       |     5 ||     5
       Swiftness         |       |     2 ||     2
  Use: Potion            |       |     4 ||     4
Armor: Robe              |     4 |     3 ||     7
Dodge: Dodged            |    19 |    34 ||    53
